 Dungeon Crawl Stone Soup version 0.30-a0-777-ga9a30cbeda (webtiles) character file.

Game seed: 8540826659723494042

641 sanka the Geomancer (level 7, -7/42 HPs)
             Began as a Gargoyle Earth Elementalist on Feb 14, 2023.
             Mangled by Duvessa
             ... wielding a +0 rapier
              (17 damage)
             ... on level 4 of the Dungeon.
             The game lasted 00:06:44 (4221 turns).

sanka the Geomancer (Gargoyle Earth Elementalist)   Turns: 4221, Time: 00:06:44

Health: -7/42      AC:  7    Str: 11    XL:     7   Next: 51%
Magic:  3/10       EV: 12    Int: 18    God:
Gold:   140        SH:  0    Dex: 10    Spells: 4/10 levels left

rFire   . . .      SeeInvis .    y - +2 dagger (venom)
rCold   . . .      Faith    .    (no shield)
rNeg    + . .      Spirit   .    a - +0 robe
rPois   ∞          Reflect  .    (no helmet)
rElec   +          Harm     .    s - +0 cloak
rCorr   .          Rampage  .    (no gloves)
Will    .....                    (no boots)
Stlth   ++                       (no amulet)
HPRegen 0.27/turn                (no ring)
MPRegen 0.12/turn                (no ring)

@: brilliant
A: sickness immunity, AC +4, negative energy resistance 1, electricity
resistance, torment resistance 1, petrification resistance
a: no special abilities


You were on level 4 of the Dungeon.
You visited 1 branch of the dungeon, and saw 4 of its levels.
You also visited: Sewer.

You collected 140 gold pieces.


Innate Abilities, Weirdness & Mutations

You are immune to sickness and miasma.
Your stone body is resilient. (AC +4)
You are immune to poison.
You resist negative energy. (rN+)
You are resistant to electric shocks. (rElec)
You are resistant to unholy torment.
You are immune to petrification.


   Skills:
 + Level 3.8 Fighting
 + Level 3.4 Dodging
 - Level 2.1 Stealth
 - Level 2.0 Spellcasting
 - Level 0.7 Transmutations
 - Level 8.0 Earth Magic


You had 4 spell levels left.
You knew the following spells:

 Your Spells              Type           Power      Damage    Failure   Level
x - Stone Arrow           Conj/Erth      48%        3d10      11%         3
z - Sandblast             Erth           90%        2d19      1%          1
N - Passwall              Tmut/Erth      21%        N/A       4%          2

Your spell library contained the following spells:

 Spells                   Type           Power      Damage    Failure   Level
 Petrify                  Tmut/Erth      26%        N/A       30%         4
 Dispel Undead            Necr           2%         3d7       87%         4
 Death Channel            Necr           1%         N/A       100%        6
 Malign Gateway           Summ/Tloc      1%         N/A       100%        7
 Summon Horrible Things   Summ           1%         N/A       100%        8
 Cigotuvi's Dreadful Rot  Necr/Pois/Air  Unusable   N/A       N/A         2

Inventory:

Hand Weapons
 d - a +0 mace
 y - a +2 dagger of venom (weapon)
Missiles
 o - 20 poisoned darts
Armour
 a - a +0 robe (worn)
 f - a +0 pair of gloves
 j - a +0 helmet
 s - a +0 cloak (worn)
 D - a +0 helmet
Jewellery
 n - a ring of fire
 p - a ring of ice
 E - a ring of willpower
Scrolls
 c - 6 scrolls of identify {unknown}
 g - 3 scrolls of enchant armour {unknown}
 h - 5 scrolls of immolation {unknown}
 k - 3 scrolls of fog {unknown}
 l - a scroll of magic mapping {unknown}
 q - 2 scrolls of vulnerability {unknown}
 r - 3 scrolls of fear {unknown}
 v - a scroll of amnesia {unknown}
Potions
 b - 2 potions of magic
 e - a potion of attraction {unknown}
 i - 2 potions of curing {unknown}
 m - a potion of ambrosia {unknown}
 t - 2 potions of lignification {unknown}
 u - 2 potions of berserk rage {unknown}
 w - 3 potions of brilliance
 x - a potion of haste {unknown}
 z - 2 potions of mutation {unknown}
 A - 2 potions of resistance {unknown}
 B - a potion of cancellation {unknown}
 C - a potion of degeneration {unknown}

Dungeon Overview and Level Annotations

Branches:
Dungeon (4/15)              Sewer (visited)
 Temple: D:4-7

Altars:
Gozag
Xom

Shops:
D:2 (   D:4 [

Annotations:
D:4 Duvessa

▒▒▒▒▒▒▒▒▒▒▒▒...▒▒▒▒▒▒▒▒▒
oo.....................▒▒▒▒▒▒▒
▒▒▒▒▒▒▒▒▒▒▒▒...▒▒▒▒▒▒▒.......▒
▒...▒ ▒▒▒▒▒▒▒.▒ ▒...▒ ▒.▒ ▒▒▒
▒...▒ ▒.▒ ..▒ ▒...▒ ▒.▒ ..▒
▒...▒▒▒▒▒▒ ▒.▒ ..▒ ▒...)8e..▒▒▒
▒.▒ ..▒ ▒...▒▒▒▒...▒▒ ▒.▒
.)▒▒▒▒▒▒▒▒▒▒▒.▒▒ ▒▒▒..▒ ▒.▒
▒.............▒▒▒▒ ▒▒.▒▒▒▒▒.▒
▒▒▒▒▒▒▒▒▒▒▒▒.....▒▒▒▒▒.....▒.▒▒▒
▒▒▒▒▒▒▒▒ ▒▒.......▒▒▒▒▒▒.....▒
.......▒ ▒▒▒▒.▒▒.e......▒.▒..▒
.......▒ ▒.▒▒▒▒▒▒▒▒▒.▒.▒▒.▒
.......▒ ▒.▒ ▒......▒


You could see Duvessa (berserk).


Message History

The blast of sand hits Duvessa but does no damage.
Duvessa closely misses you.
The blast of sand hits Dowan!!
You kill Dowan!
Duvessa screams in rage.
Duvessa goes berserk!
Duvessa closely misses you. Duvessa hits you with a +0 rapier!
The blast of sand hits Duvessa but does no damage.
Duvessa hits you with a +0 rapier. Duvessa hits you with a +0 rapier!
Duvessa closely misses you.
Okay, then.
Okay, then.
It was a potion of brilliance.
You feel clever all of a sudden. Duvessa hits you with a +0 rapier.
* * * LOW HITPOINT WARNING * * *
Unknown command.
The blast of sand hits Duvessa!
Duvessa is lightly wounded.
Duvessa barely misses you. Duvessa barely misses you.
The blast of sand hits Duvessa!
Duvessa is moderately wounded.
Duvessa hits you with a +0 rapier!
* * * LOW HITPOINT WARNING * * *
Duvessa closely misses you. Duvessa hits you with a +0 rapier!
You die...

Action                     |  1- 3 |  4- 6 |  7- 9 || total
---------------------------+-------+-------+-------++-------
  Melee: Mace              |    17 |       |       ||    17
         Dagger            |       |   179 |    54 ||   233
         Punch             |       |     4 |       ||     4
   Cast: Sandblast         |    40 |    35 |    24 ||    99
    Use: Potion            |       |       |     1 ||     1
   Stab: Sleeping          |       |     2 |     2 ||     4
 Armour: Robe              |    16 |    82 |    26 ||   124
  Dodge: Dodged            |    19 |   141 |    66 ||   226

Levels and vault maps discovered:
D:1:      erik_arrival_triangle_small, layout_basic
D:2:      layout_loops_corners, serial_shops, nicolae_shop_hallway_plus,
          chequers_serial_rivers_micro_a, minmay_misc_feat_columns, uniq_sigmund
D:3:      layout_loops_ring, grunt_gozag_breadcrumbs, overflow_temple_1_default,
          gup_sewer_entry_spiral
D:4:      layout_rooms, minitemple, mainiacjoe_overflow_concentric_impassable,
          serial_shops, shop, uniq_crazy_yiuf_cottage, uniq_robin, uniq_duvessa

Notes
Turn   | Place    | Note
-------+----------+-------------------------------------------
     0 | D:1      | sanka the Gargoyle Earth Elementalist began the quest for
                  | the Orb.
     0 | D:1      | Reached XP level 1. HP: 10/10 MP: 3/3
   138 | D:1      | Reached skill level 4 in Earth Magic
   168 | D:1      | Reached XP level 2. HP: 15/15 MP: 3/5
   658 | D:1      | Reached XP level 3. HP: 19/19 MP: 4/6
   731 | D:1      | Reached skill level 5 in Earth Magic
   998 | D:2      | Learned a level 2 spell: Passwall
  1002 | D:2      | Learned a level 3 spell: Stone Arrow
  1077 | D:2      | Noticed Sigmund
  1096 | D:2      | Killed Sigmund
  1097 | D:2      | Reached skill level 7 in Earth Magic
  1097 | D:2      | Reached XP level 4. HP: 15/24 MP: 5/7
  1097 | D:2      | Reached XP level 5. HP: 18/28 MP: 5/8
  1425 | D:2      | Found Sihow Byorghe's Antique Weapon Shop.
  1462 | D:2      | Reached XP level 6. HP: 32/32 MP: 7/9
  1634 | D:2      | Reached skill level 8 in Earth Magic
  2119 | D:3      | Found a glowing drain.
  2142 | Sewer    | Entered a sewer
  2242 | Sewer    | Reached skill level 1 in Fighting
  2353 | Sewer    | Reached skill level 2 in Dodging
  2607 | Sewer    | Reached skill level 2 in Fighting
  3227 | D:3      | Reached XP level 7. HP: 31/40 MP: 6/10
  3356 | D:3      | Found an opulent altar of Gozag.
  3548 | D:3      | Found a shimmering altar of Xom.
  3622 | D:4      | Found Peklu's Armour Boutique.
  3732 | D:3      | Reached skill level 3 in Fighting
  3859 | D:4      | Reached skill level 3 in Dodging
  4166 | D:4      | Noticed Dowan
  4166 | D:4      | Noticed Duvessa
  4217 | D:4      | Killed Dowan
  4221 | D:4      | Mangled by Duvessa

Vanquished Creatures
  Sigmund (D:2)
  A scorpion (D:4)
  Dowan (D:4)
  2 orc priests
  8 river rats
  10 adders
  2 worms
  3 dart slugs
  8 orcs
  10 ball pythons
  7 endoplasms
  6 giant cockroaches
  8 goblins
  8 hobgoblins
  3 jackals (D:3)
  4 quokkas
  5 bats
  A frilled lizard (D:1)
  29 kobolds
  23 rats
140 creatures vanquished.
